 Dungeon Crawl Stone Soup version 0.18-a0-1577-gf591c28 (webtiles) character file.

10066 dvd the Dealer of Despair (level 11, -3/90 HPs)
             Began as a Deep Dwarf Necromancer on Mar 22, 2016.
             Was an Elder of Kikubaaqudgha.
             Slain by a seven-headed hydra (16 damage)
             ... on level 1 of the Lair of Beasts.
             The game lasted 00:59:26 (12441 turns).

dvd the Dealer of Despair (Deep Dwarf Necromancer) Turns: 12441, Time: 00:59:27

Health: -3/90      AC: 12    Str: 10    XL:     11   Next: 31%
Magic:  22/23      EV: 16    Int: 18    God:    Kikubaaqudgha [****..]
Gold:   736        SH:  0    Dex: 14    Spells: 5 memorised, 10 levels left

rFire  . . .     SeeInvis .     T - +0 war axe (flame)
rCold  + . .     Gourm    .     I - +3 robe of a wizard's laboratory {+Blink rElec rN+ Str-5}
rNeg   + . .     Faith    .     (no shield)
rPois  .         Spirit   .     S - +1 hat
rElec  +         Dismiss  .     H - +2 cloak
rCorr  .         Reflect  .     (no gloves)
SustAt .         Harm     .     f - +2 pair of boots
MR     +....                    e - amulet of magic regeneration
Stlth  +++.......               q - ring of protection from cold
                                v - +3 ring of intelligence

@: about to teleport, non-regenerating, somewhat resistant to hostile
enchantments, fairly stealthy
A: damage resistance, recharge devices, sense surroundings 2, slow regeneration
3
a: Device Recharging, Receive Corpses, Renounce Religion, Evoke Blink


You were on level 1 of the Lair of Beasts.
You worshipped Kikubaaqudgha.
Kikubaaqudgha was greatly pleased with you.
You were not hungry.

You visited 3 branches of the dungeon, and saw 12 of its levels.

You collected 736 gold pieces.

Inventory:

Hand Weapons
 a - a +3 flail of protection
 b - a +2 mace of holy wrath
 T - a +0 war axe of flaming (weapon)
Missiles
 n - 11 javelins (quivered)
 w - 8 tomahawks
Armour
 f - a +2 pair of boots (worn)
 A - a +2 robe of positive energy
 D - a +0 pearl dragon armour
 H - a +2 cloak (worn)
 I - the +3 robe of a wizard's laboratory (worn) {+Blink rElec rN+ Str-5}
   (You found it on level 7 of the Dungeon)

   It affects your strength (-5).
   It insulates you from electricity.
   It protects you from negative energy.
   It lets you blink.
 M - a +2 chain mail of cold resistance
 S - a +1 hat (worn)
 U - a +1 ring mail of cold resistance
Magical Staves
 z - an uncursed staff of conjuration
Jewellery
 e - an amulet of magic regeneration (around neck)
 q - a ring of protection from cold (right hand)
 v - a +3 ring of intelligence (left hand)
 B - an uncursed amulet of the gourmand
Wands
 c - a wand of heal wounds (5/9)
 t - a wand of lightning (2/15)
 E - a wand of slowing (20/48)
 F - a wand of flame (20/48)
 N - a wand of acid (7/15)
 Q - a wand of flame (24/48)
 R - a wand of iceblast (7/15)
Scrolls
 g - a scroll of fog
 j - 10 scrolls of identify
 k - a scroll of recharging
 o - 2 scrolls of remove curse
 s - 5 scrolls of teleportation
 L - 2 scrolls of amnesia
 O - 2 scrolls of enchant armour
Potions
 h - a potion of beneficial mutation {unknown}
 p - 2 potions of flight
 r - a potion of curing
 C - a potion of agility
 P - a potion of brilliance
Books
 m - a book of Necromancy

   Spells                             Type                      Level
   a - Pain                           Necromancy                   1
   b - Animate Skeleton               Necromancy                   1
   c - Vampiric Draining              Necromancy                   3
   d - Regeneration                   Charms/Necromancy            3
   e - Animate Dead                   Necromancy                   4
   f - Control Undead                 Necromancy                   4
 u - Kikubaaqudgha's Incunabulum of Unholy Rites
   (Kikubaaqudgha gifted it to you on level 3 of the Dungeon)

   Spells                             Type                      Level
   a - Pain                           Necromancy                   1
   b - Corpse Rot                     Necromancy                   2
   c - Sublimation of Blood           Necromancy                   2
   d - Vampiric Draining              Necromancy                   3
   e - Control Undead                 Necromancy                   4
 y - Kikubaaqudgha's Almanac of Stolen Souls
   (Kikubaaqudgha gifted it to you on level 7 of the Dungeon)

   Spells                             Type                      Level
   a - Animate Dead                   Necromancy                   4
   b - Agony                          Necromancy                   5
   c - Cigotuvi's Embrace             Necromancy                   5
   d - Dispel Undead                  Necromancy                   5
   e - Simulacrum                     Ice/Necromancy               6
 K - a book of Unlife

   Spells                             Type                      Level
   a - Recall                         Summoning/Translocation      3
   b - Animate Dead                   Necromancy                   4
   c - Control Undead                 Necromancy                   4
   d - Cigotuvi's Embrace             Necromancy                   5
   e - Death Channel                  Necromancy                   6
   f - Simulacrum                     Ice/Necromancy               6
Comestibles
 d - 7 bread rations
 i - 3 beef jerkies
 l - a fruit
 x - 2 slices of pizza
 G - 2 royal jellies
 J - 4 meat rations


   Skills:
 + Level 3.4 Fighting
 + Level 4.0 Maces & Flails
 + Level 7.9 Dodging
 + Level 5.0 Stealth
 + Level 8.8 Spellcasting
 + Level 11.5 Necromancy
 + Level 6.5 Evocations


You had 10 spell levels left.
You knew the following spells:

 Your Spells              Type           Power        Failure   Level  Hunger
a - Pain                  Necr           ####         1%          1    None
b - Vampiric Draining     Necr           #####.....   1%          3    None
c - Animate Dead          Necr           N/A          1%          4    ###....
d - Dispel Undead         Necr           #####...     2%          5    #####..
e - Control Undead        Necr           #####.....   1%          4    ###....


Dungeon Overview and Level Annotations

Branches:
Dungeon (10/15)            Temple (1/1) D:6            Lair (1/8) D:9
    Orc: D:9-12

Altars:
Ashenzari
Cheibriados
Dithmenos
Elyvilon
Fedhas
Gozag
Kikubaaqudgha
Makhleb
Nemelex Xobeh
Okawaru
Pakellas
Qazlal
Ru
Sif Muna
Trog
Vehumet
Xom
Yredelemnul
Zin
The Shining One

Shops:
D:5 %   D:6 !*


Innate Abilities, Weirdness & Mutations

You are resistant to damage.
You can recharge devices by infusing magical energy.
You passively map the area around you.
You do not regenerate naturally.


Message History

Evoke which item? (* to show all) (? for menu, Esc to quit)
Zapping:
c - a wand of heal wounds (6/9)
Press: ? - help, Shift-Dir - straight line, f - you, p - seven-headed hydra You feel much better.
This wand has 5 charges left.
The seven-headed hydra closely misses you.
The seven-headed hydra bites you! x3
* * * LOW HITPOINT WARNING * * *
The seven-headed hydra bites you.
The seven-headed hydra barely misses you.
The seven-headed hydra bites you!
* * * LOW HITPOINT WARNING * * *
Read which item? (? for menu, Esc to quit)
As you read the scroll of teleportation, it crumbles to dust.
You feel strangely unstable.
The seven-headed hydra barely misses you. x2
The seven-headed hydra bites you.
The seven-headed hydra bites you but does no damage.
The seven-headed hydra bites you!
You die...
Kikubaaqudgha rasps: "You have failed me!
Welcome... death!"

### #### ##..### ##..#### *
###.....#######....#.# *
#*** ........##..........##
.. ,
...................<.###.#.
...............D...........
, #...D.#......D@..........
,
,*#....#.#.###.............
##..###..#####......###.. ,
.###.!#.#.........#..## , .
, .....................# ,
, , ........#............#
,, ###.....#............#
,, ###.............#..# , *
,#.)..........##.... , ,


You could see a seven-headed hydra and a five-headed hydra.

Vanquished Creatures
  Erolcha (D:10)
  Urug (D:10)
  Sonja (D:10)
  2 hill giants (D:10)
  2 ugly things
  2 trolls
  A merfolk (D:10)
  The ghost of Liam the Magician, an amateur HEWz (D:4)
  4 yaks (D:9)
  A hungry ghost (D:9)
  A wyvern (D:10)
  2 water moccasins
  2 ice beasts (D:8)
  2 eyes of draining (D:4)
  3 orc warriors
  A black bear (D:9)
  A necrophage (D:8)
  5 ogres
  6 phantoms
  3 sky beasts
  4 centaurs
  A big kobold (D:9)
  The ghost of Chiseanne the Sneak, an amateur SpAs (D:3)
  Blork the orc (D:5)
  2 giant frogs
  5 scorpions
  A killer bee (D:9)
  2 jellies (D:10)
  3 howler monkeys (D:9)
  4 crimson imps
  2 centaur skeletons
  3 hounds
  3 orc priests
  5 iguanas
  5 orc wizards
  2 worker ants
  A hound skeleton (D:4)
  2 worker ant zombies
  10 adders
  3 gnolls (D:5)
  5 shadow imps
  2 oozes
  An adder skeleton (D:9)
  4 worms
  2 dart slugs
  3 giant geckos
  41 orcs
  9 bats
  9 giant cockroaches
  12 goblins
  9 hobgoblins
  28 jackals
  6 quokkas
  A ball python (D:3)
  2 giant gecko skeletons
  6 giant newts
  3 jackal skeletons
  7 kobolds
  3 quokka skeletons
  12 rats
267 creatures vanquished.

Vanquished Creatures (collateral kills)
  A hill giant (D:10)
  2 yaks (D:9)
  A black bear (D:10)
  A wyvern zombie (D:7)
  A worker ant (D:7)
  A hound skeleton (D:4)
  A worker ant zombie (D:5)
  An orc (D:7)
  A giant cockroach (D:3)
  3 jackals
  4 kobolds (D:9)
  A rat (D:3)
18 creatures vanquished.

Grand Total: 285 creatures vanquished

Notes
Turn   | Place    | Note
--------------------------------------------------------------
     0 | D:1      | dvd the Deep Dwarf Necromancer began the quest for the Orb.
     0 | D:1      | Reached XP level 1. HP: 15/15 MP: 3/3
   247 | D:1      | Reached XP level 2. HP: 22/22 MP: 2/4
   976 | D:1      | Reached skill level 5 in Necromancy
  1163 | D:2      | Reached XP level 3. HP: 19/28 MP: 3/6
  1168 | D:2      | Learned a level 3 spell: Vampiric Draining
  1308 | D:2      | Found a shattered altar of Ashenzari.
  1309 | D:2      | Found a stormy altar of Qazlal.
  1311 | D:2      | Found an ancient bone altar of Kikubaaqudgha.
  1311 | D:2      | Found a snail-covered altar of Cheibriados.
  1313 | D:2      | Found an iron altar of Okawaru.
  1314 | D:2      | Found a sparkling altar of Nemelex Xobeh.
  1326 | D:2      | Became a worshipper of Kikubaaqudgha
  1811 | D:3      | Noticed Chiseanne's ghost (amateur SpAs)
  1817 | D:3      | Killed Chiseanne's ghost
  1817 | D:3      | Reached XP level 4. HP: 24/37 MP: 6/8
  1827 | D:3      | Learned a level 4 spell: Animate Dead
  2087 | D:3      | Reached XP level 5. HP: 33/43 MP: 3/9
  2455 | D:3      | Reached * piety under Kikubaaqudgha
  2455 | D:3      | Received a gift from Kikubaaqudgha
  2456 | D:3      | Identified Kikubaaqudgha's Incunabulum of Unholy Rites (Kikubaaqudgha gifted it to you on level 3 of the Dungeon)
  2790 | D:3      | Reached skill level 1 in Maces & Flails
  4010 | D:4      | Noticed Liam's ghost (amateur HEWz)
  4022 | D:4      | Killed Liam's ghost
  4022 | D:4      | Reached skill level 6 in Necromancy
  4022 | D:4      | Reached XP level 6. HP: 41/50 MP: 11/11
  4042 | D:4      | Found a basalt altar of Yredelemnul.
  4647 | D:4      | Reached XP level 7. HP: 50/56 MP: 6/13
  4657 | D:4      | Reached skill level 1 in Fighting
  5056 | D:4      | Found a bloodstained altar of Trog.
  5394 | D:5      | Entered Level 5 of the Dungeon
  5559 | D:5      | Reached skill level 7 in Necromancy
  5563 | D:5      | Reached ** piety under Kikubaaqudgha
  5586 | D:5      | Noticed Blork the orc
  5613 | D:5      | Killed Blork the orc
  5626 | D:5      | Found Mush's Food Shoppe.
  5672 | D:4      | Reached XP level 8. HP: 35/66 MP: 1/15
  6279 | D:6      | Found an opulent altar of Gozag.
  6280 | D:6      | Found Gozag's Platinum Reserve.
  6283 | D:6      | Found a staircase to the Ecumenical Temple.
  6297 | Temple   | Entered the Ecumenical Temple
  6447 | D:6      | Reached skill level 5 in Spellcasting
  6748 | D:6      | Found Raotsin's Distillery.
  6757 | D:6      | Reached skill level 5 in Dodging
  6983 | D:6      | Found a bloodstained altar of Trog.
  7353 | D:7      | Reached skill level 8 in Necromancy
  7681 | D:7      | Reached *** piety under Kikubaaqudgha
  7681 | D:7      | Received a gift from Kikubaaqudgha
  7690 | D:7      | Identified Kikubaaqudgha's Almanac of Stolen Souls (Kikubaaqudgha gifted it to you on level 7 of the Dungeon)
  7839 | D:7      | Found a white marble altar of Elyvilon.
  7842 | D:7      | Found a glowing golden altar of the Shining One.
  7843 | D:7      | Found a glowing silver altar of Zin.
  7890 | D:7      | Got a sheer robe
  7901 | D:7      | Identified the +3 robe of a wizard's laboratory {+Blink rElec rN+ Str-5} (You found it on level 7 of the Dungeon)
  7971 | D:7      | Gained mutation: You passively map the area around you. [Deep Dwarf growth]
  7971 | D:7      | Reached XP level 9. HP: 63/74 MP: 17/17
  8025 | D:8      | Reached skill level 1 in Evocations
  8641 | D:8      | Learned a level 5 spell: Dispel Undead
  9098 | D:8      | Reached skill level 9 in Necromancy
  9797 | D:9      | Reached skill level 5 in Evocations
  9800 | D:9      | Reached XP level 10. HP: 39/81 MP: 3/19
 10394 | D:9      | Noticed a red ugly thing
 10410 | D:9      | Killed a red ugly thing
 10410 | D:9      | Reached skill level 10 in Necromancy
 10415 | D:9      | Reached **** piety under Kikubaaqudgha
 10592 | D:9      | Learned a level 4 spell: Control Undead
 10741 | D:9      | Found a staircase to the Lair.
 10834 | D:10     | Entered Level 10 of the Dungeon
 10892 | D:10     | Noticed Urug
 10915 | D:10     | HP: 2/84 [Urug/war axe of flaming (3)]
 10916 | D:10     | Killed Urug
 11300 | D:10     | Noticed Erolcha
 11305 | D:10     | Noticed a hill giant
 11311 | D:10     | Killed Erolcha
 11386 | D:10     | Killed a hill giant
 11386 | D:10     | Reached skill level 11 in Necromancy
 11434 | D:10     | Noticed a hill giant
 11441 | D:10     | Killed a hill giant
 11441 | D:10     | Reached XP level 11. HP: 43/90 MP: 5/23
 11561 | D:10     | Found a stormy altar of Qazlal.
 11574 | D:10     | Noticed Sonja
 11592 | D:10     | Noticed a hill giant
 11602 | D:10     | Killed Sonja
 11602 | D:10     | Killed a hill giant
 11726 | D:10     | Noticed a brown ugly thing
 11737 | D:10     | Killed a brown ugly thing
 12269 | D:10     | Reached skill level 5 in Stealth
 12372 | Lair:1   | Entered Level 1 of the Lair of Beasts
 12408 | Lair:1   | Noticed a seven-headed hydra
 12408 | Lair:1   | Noticed a six-headed hydra
 12441 | Lair:1   | Slain by a seven-headed hydra

Vault maps used:
D:1:      dpeg_arrival_triangle_fractal
D:2:      grunt_temple_overflow_open
D:3:      first_bread
D:4:      trog_eyes_of_draining, nicolae_overflow_crystal_walls,
          kennysheep_doodads
D:5:      serial_shops, nicolae_shop_waterfront, uniq_blork_the_orc
D:6:      nicolae_gozag_zags_fifth_avenue, minmay_temple_entry_overgrown,
          basic_altar, serial_shops, shop
D:7:      good_gods_temple_1
D:9:      kennysheep_blocky_room, lair_0_dummy
D:10:     hangedman_fish_farm, nicolae_qazlal_general_emergency, uniq_urug,
          uniq_sonja, uniq_erolcha
Temple:   cyrus_temple_forest_13
Lair:1:   infiniplex_staircase_pool_2

Skill      XL: |  1  2  3  4  5  6  7  8  9 10 11 |
---------------+----------------------------------+-----
Spellcasting   | 2 3 4 5 6 8 |  8.8
Necromancy     | 5 6 7 8 9 11 | 11.5
Dodging        | 3 4 6 7 |  7.9
Maces & Flails | 1 2 3 4 |  4.0
Stealth        | 3 4 5 |  5.0
Fighting       | 1 2 3 |  3.4
Evocations     | 5 6 |  6.5

Action                   |  1- 3 |  4- 6 |  7- 9 | 10-12 || total
-------------------------+-------+-------+-------+-------++-------
Melee: Unarmed           |     4 |       |       |       ||     4
       Mace              |    34 |    91 |    61 |     1 ||   187
       Flail             |       |    34 |   294 |    58 ||   386
       War axe           |       |       |       |     2 ||     2
 Cast: Pain              |    49 |    23 |    19 |    24 ||   115
       Vampiric Draining |     6 |    37 |    99 |    94 ||   236
       Animate Dead      |       |    16 |    14 |    13 ||    43
       Dispel Undead     |       |       |     5 |     7 ||    12
Evoke: Wand              |       |       |    11 |    10 ||    21
  Use: Scroll            |       |       |    17 |     6 ||    23
       Potion            |       |       |    10 |     8 ||    18
 Stab: Sleeping          |     1 |     6 |     7 |     2 ||    16
       Distracted        |       |       |     1 |     1 ||     2
  Eat: Chunk             |     4 |    17 |    30 |    13 ||    64
